 Dungeon Crawl Stone Soup version 0.31-a0-675-g238779eb0a (webtiles) character file.

Game seed: 12586632057888132594

16193 randomguy2701 the Severer (level 12, -2/106 HPs)
             Began as a Hill Orc Fighter on Sept 5, 2023.
             Was a Believer of Beogh.
             Slain by a dream sheep (3 damage)
             ... led by a torpor snail
             ... on level 3 of the Lair of Beasts.
             The game lasted 00:24:37 (13347 turns).

randomguy2701 the Severer (Hill Orc Fighter)       Turns: 13347, Time: 00:24:37

Health: -2/106     AC: 19    Str: 22    XL:     12   Next: 34%
Magic:  17/17      EV:  8    Int:  8    God:    Beogh [**....]
Gold:   488        SH:  5    Dex: 19    Spells: 11/11 levels left

rFire   . . .        a - +1 war axe
rCold   . . .        H - orb of Polytheism {*Rage, Dex+7}
rNeg    + . .        o - +0 plate armour
rPois   .            n - +2 helmet
rElec   .            (no cloak)
rCorr   .            E - +0 pair of gloves
SInv    .            (no boots)
Will    .....        y - amulet of reflection Stlth
                     p - ring of flight
HPRegen 0.37/turn    b - ring of positive energy
MPRegen 0.15/turn

%: random rage (20%), reflection
@: lethally poisoned (-2 -> -12), about to teleport, flying, slowed, studying
Poison Magic, very slow
A: no striking features
a: Renounce Religion, Smiting


You were on level 3 of the Lair of Beasts.
You worshipped Beogh.
Beogh was pleased with you.
You visited 2 branches of the dungeon, and saw 15 of its levels.

You collected 488 gold pieces.

Inventory:

Hand Weapons
 a - a +1 war axe (weapon)
 J - a +1 glaive of flaming
Missiles
 D - 2 throwing nets
Armour
 c - a +0 buckler
 n - a +2 helmet (worn)
 o - a +0 plate armour (worn)
 E - a +0 pair of gloves (worn)
 H - the orb of Polytheism (worn) {*Rage, Dex+7}
   (You found it on level 10 of the Dungeon)

   Dex+7:     It affects your dexterity (+7).
Jewellery
 b - a ring of positive energy (right hand)
 p - a ring of flight (left hand)
 y - an amulet of reflection (around neck)
 A - a ring of wizardry
Wands
 w - a wand of quicksilver (24)
 B - a wand of flame (19)
 G - a wand of iceblast (11)
Scrolls
 e - 3 scrolls of poison
 h - a scroll of teleportation
 j - 2 scrolls of enchant weapon
 l - a scroll of fear {unknown}
 m - 6 scrolls of identify
 q - 2 scrolls of vulnerability {unknown}
 s - 2 scrolls of blinking {unknown}
 u - 2 scrolls of immolation {unknown}
 x - 2 scrolls of revelation
 z - a scroll of noise {unknown}
 C - 2 scrolls of torment {unknown}
 I - 2 scrolls of amnesia {unknown}
Potions
 d - 2 potions of berserk rage {unknown}
 f - 2 potions of haste
 g - 2 potions of mutation
 i - 5 potions of ambrosia
 k - 5 potions of degeneration
 r - 7 potions of curing
 t - 2 potions of attraction {unknown}
 v - 3 potions of heal wounds
 F - a potion of magic {unknown}
 K - a potion of enlightenment {unknown}


   Skills:
 + Level 10.3 Fighting
 + Level 16.2(16.3) Axes
 + Level 1.8(9.1) Polearms
 + Level 10.8 Armour
 + Level 1.6 Dodging
 + Level 7.8 Shields
 + Level 1.0 Unarmed Combat
 * Level 7.5 Invocations
 + Level 0.2 Evocations


You had 11 spell levels left.
You didn't know any spells.
Your spell library contained the following spells:

 Spells                   Type           Power      Damage    Failure   Level
 Apportation              Tloc           0%         N/A       99%         1
 Kiss of Death            Conj/Necr      0%         2d5       99%         1
 Sandblast                Erth           0%         2d4       99%         1
 Sting                    Tmut/Pois      0%         1d3       99%         1
 Cigotuvi's Dreadful Rot  Necr/Pois/Air  0%         N/A       100%        2
 Passwall                 Tmut/Erth      0%         N/A       100%        2
 Poisonous Vapours        Pois/Air       0%         N/A       100%        2
 Confusing Touch          Hex            0%         N/A       100%        3
 Dazzling Flash           Conj/Hex       0%         N/A       100%        3
 Inner Flame              Hex/Fire       0%         N/A       100%        3
 Mephitic Cloud           Conj/Pois/Air  0%         N/A       100%        3
 Ozocubu's Armour         Ice            0%         N/A       100%        3
 Stone Arrow              Conj/Erth      0%         3d7       100%        3
 Dispel Undead            Necr           0%         3d6       100%        4
 Olgreb's Toxic Radiance  Pois           0%         N/A       100%        4
 Vhi's Electric Charge    Tloc/Air       0%         N/A       100%        4
 Agony                    Necr           0%         N/A       100%        5
 Alistair's Intoxication  Tmut/Pois      0%         N/A       100%        5
 Arcjolt                  Conj/Air       0%         1d10      100%        5
 Freezing Cloud           Conj/Ice/Air   0%         6-21      100%        5
 Metabolic Englaciation   Hex/Ice        0%         N/A       100%        5
 Silence                  Hex/Air        0%         N/A       100%        5
 Yara's Violent Unravell  Hex/Tmut       0%         3d3       100%        5
 Death Channel            Necr           0%         N/A       100%        6
 Plasma Beam              Fire/Air       0%         2x1d10    100%        6
 Simulacrum               Ice/Necr       0%         N/A       100%        6
 Enfeeble                 Hex            0%         N/A       100%        7


Dungeon Overview and Level Annotations

Branches:
Dungeon (11/15)            Temple (0/1) D:6            Lair (4/5) D:8
  Swamp: Lair:2-3    Shoals: Lair:2-3     Snake: Lair:2-3    Spider: Lair:2-3
  Slime: Lair:4-5       Orc: D:9-12

Altars:
Ashenzari
Fedhas
Hepliaklqana
Kikubaaqudgha
Makhleb
Nemelex Xobeh
Okawaru
Qazlal
Uskayaw
Vehumet
Wu Jian
Yredelemnul
Zin
The Shining One


Message History

The dream sheep bites you but does no damage.
The torpor snail closely misses you. The dream sheep bites you.
* * * LOW HITPOINT WARNING * * *
You feel much better.
You feel sick.
The cane toad stings you but does no damage.
The dream sheep completely misses you.
The cane toad stings you but does no damage. x2
The dream sheep bites you but does no damage.
The dream sheep bites you!
The cane toad stings you but does no damage.
The dream sheep bites you but does no damage.
The torpor snail bites you.
As you read the scroll of teleportation, it crumbles to dust.
You feel strangely unstable.
You feel sick.
You are no longer poisoned.
The cane toad stings you!
* * * LOW HITPOINT WARNING * * *
You are poisoned.
The cane toad poisons you!
The cane toad stings you but does no damage.
The dream sheep bites you but does no damage.
The dream sheep bites you.
* * * LOW HITPOINT WARNING * * *
The dream sheep bites you but does no damage.
The cane toad stings you but does no damage.
The cane toad stings you.
* * * LOW HITPOINT WARNING * * *
The torpor snail barely misses you. You block the dream sheep's attack.
The dream sheep shake their wool and sparkle.
You feel drowsy...
You fall asleep.
* * * LOW HITPOINT WARNING * * *
You feel very sick.
A bullfrog comes into view.
The dream sheep bites you!
You wake up.
* * * LOW HITPOINT WARNING * * *
You block the cane toad's attack. The cane toad completely misses you.
The teleport trap disappears.
The bullfrog disappears!
The dream sheep bites you but does no damage.
The dream sheep bites you.
You die...

)... ... ###..#
.#..... .......
....... ###
......Y#F.###..
.....lF@Y....?.
......w.Y......
...............
.##............
#............
#......#..##+
#...ยง...###
.......#


You could see a torpor snail, a komodo dragon, 2 cane toads and 3 dream sheep.

Vanquished Creatures
  A hydra (Lair:2)
  2 skysharks (Lair:2)
  A cyclops (D:10)
  2 black mambas (Lair:1)
  Jeremiah (D:6)
  2 cane toads
  Maggie (D:6)
  An unseen horror (D:9)
  Psyche (D:9)
  A rime drake (Lair:2)
  3 unseen horror zombies (D:8)
  2 komodo dragons (Lair:2)
  A troll (D:10)
  8 blink frogs (Lair:2)
  2 wyverns
  22 yaks
  2 wraiths
  2 basilisks
  A steam dragon (D:9)
  An acid dragon (D:8)
  Duvessa (D:6)
  5 water moccasins
  3 black bears
  2 orc warriors
  An ice beast (D:6)
  2 ogres
  4 wolves (Lair:2)
  5 centaurs
  A kobold brigand (D:8)
  3 phantoms
  10 bullfrogs
  4 necrophages (D:8)
  A gnoll sergeant (D:5)
  4 scorpions
  Dowan (D:6)
  2 electric eels (Lair:2)
  A centaur zombie (D:8)
  A jelly (D:4)
  An orc priest (D:8)
  2 hounds
  2 gnoll boudas
  A sleepcap (D:7)
  4 orc wizards
  An iguana (D:4)
  A killer bee zombie (D:8)
  20 gnolls
  7 adders
  A white imp (D:7)
  2 worms
  A dart slug (D:3)
  16 orcs
  2 bats
  7 endoplasms
  8 hobgoblins
  9 jackals
  6 kobolds
  6 quokkas
  5 ball pythons
  2 frilled lizards
  10 goblins
  3 rats
225 creatures vanquished.

Vanquished Creatures (others)
  An orc (D:7)
1 creature vanquished.

Grand Total: 226 creatures vanquished

Notes
Turn   | Place    | Note
-------+----------+-------------------------------------------
     0 | D:1      | randomguy2701 the Hill Orc Fighter began the quest for the
                  | Orb.
     0 | D:1      | Reached XP level 1. HP: 19/19 MP: 1/1
    11 | D:1      | Reached XP level 2. HP: 7/27 MP: 2/2
   474 | D:1      | Reached XP level 3. HP: 33/33 MP: 3/3
   905 | D:2      | Reached skill level 3 in Axes
   960 | D:2      | Found a faded altar of an unknown god.
  1495 | D:3      | Reached XP level 4. HP: 40/40 MP: 4/4
  2145 | D:3      | Reached skill level 4 in Axes
  2327 | D:4      | Noticed an ogre
  2335 | D:4      | Killed an ogre
  2336 | D:4      | Reached skill level 5 in Axes
  2336 | D:4      | Reached XP level 5. HP: 9/47 MP: 5/5
  2348 | D:4      | Noticed a phantom
  2491 | D:4      | Killed a phantom
  2492 | D:4      | Reached XP level 6. HP: 52/53 MP: 6/6
  2723 | D:4      | Reached skill level 6 in Axes
  2754 | D:4      | Found a burning altar of Makhleb.
  3025 | D:4      | Reached skill level 5 in Fighting
  3290 | D:5      | Entered Level 5 of the Dungeon
  3304 | D:5      | Reached XP level 7. HP: 49/61 MP: 7/7
  3313 | D:5      | Reached skill level 7 in Axes
  3473 | D:5      | Reached skill level 5 in Armour
  3478 | D:5      | Reached skill level 8 in Axes
  3733 | D:5      | Found a glowing silver altar of Zin.
  3776 | D:5      | Reached XP level 8. HP: 69/69 MP: 8/8
  4180 | D:6      | Found a hide-covered altar of Uskayaw.
  4198 | D:6      | Reached skill level 9 in Axes
  4208 | D:6      | Noticed Duvessa
  4208 | D:6      | Noticed Dowan
  4215 | D:6      | Killed Dowan
  4226 | D:6      | HP: 2/70 [Duvessa/+0 short sword (3)]
  4227 | D:6      | Killed Duvessa
  4490 | D:6      | Found a staircase to the Ecumenical Temple.
  4577 | D:6      | Noticed Jeremiah
  4796 | D:6      | Found an ornate altar of the Wu Jian Council.
  4901 | D:6      | Noticed Maggie
  4914 | D:6      | Killed Maggie
  4915 | D:6      | Reached skill level 10 in Axes
  4915 | D:6      | Reached skill level 5 in Shields
  5216 | D:6      | Found a radiant altar of Vehumet.
  5688 | D:7      | Reached XP level 9. HP: 77/78 MP: 9/9
  5716 | D:7      | Found an ancient bone altar of Kikubaaqudgha.
  5784 | D:7      | Found a hazy altar of Hepliaklqana.
  5918 | D:7      | Found a broken altar of Ashenzari.
  5957 | D:7      | Became a worshipper of Beogh the Brigand
  6004 | D:7      | Found a sparkling altar of Nemelex Xobeh.
  6191 | D:7      | Reached skill level 11 in Axes
  6523 | D:8      | Reached skill level 1 in Dodging
  6602 | D:7      | You are sucked into a shaft and drop 2 floors!
  6691 | D:9      | Noticed Psyche
  6712 | D:9      | Killed Psyche
  6807 | D:9      | Reached skill level 12 in Axes
  6821 | D:9      | Reached XP level 10. HP: 22/88 MP: 10/10
  6871 | D:9      | Killed an unseen horror
  7059 | D:8      | Reached skill level 1 in Unarmed Combat
  7187 | D:8      | Found a staircase to the Lair.
  7258 | D:8      | Found a glowing golden altar of the Shining One.
  7279 | D:8      | Reached * piety under Beogh
  7280 | D:8      | Reached skill level 13 in Axes
  7618 | D:8      | Found a stormy altar of Qazlal.
  7879 | D:8      | Found a blossoming altar of Fedhas.
  8262 | D:6      | HP: 3/81 [Jeremiah/divine providence (14)]
  8268 | D:6      | Killed Jeremiah
  8269 | D:6      | Reached skill level 14 in Axes
  8269 | D:6      | Reached skill level 1 in Invocations
  9359 | D:10     | Entered Level 10 of the Dungeon
  9372 | D:9      | Reached XP level 11. HP: 95/95 MP: 12/12
  9384 | D:10     | Found a basalt altar of Yredelemnul.
  9502 | D:10     | Noticed a cyclops
  9629 | D:10     | Reached ** piety under Beogh
  9650 | D:10     | Killed a cyclops
  9753 | D:10     | Found an iron altar of Okawaru.
  9970 | D:10     | Identified the orb of Polytheism {*Rage, Dex+7}
 10449 | D:11     | Noticed an orc knight
 10505 | Lair:1   | Entered Level 1 of the Lair of Beasts
 11645 | Lair:1   | Reached skill level 5 in Invocations
 11905 | Lair:2   | Reached skill level 15 in Axes
 11986 | Lair:2   | Noticed a seven-headed hydra
 12269 | Lair:2   | Killed a three-headed hydra
 12469 | Lair:2   | Reached skill level 10 in Armour
 12480 | Lair:2   | Reached skill level 1 in Polearms
 12906 | Lair:2   | Noticed a skyshark
 12918 | Lair:2   | Killed a skyshark
 12920 | Lair:2   | Reached XP level 12. HP: 106/106 MP: 15/17
 12968 | Lair:2   | Reached skill level 10 in Fighting
 13094 | Lair:2   | Noticed a skyshark
 13108 | Lair:2   | Killed a skyshark
 13198 | Lair:2   | Reached skill level 16 in Axes
 13332 | Lair:2   | You are sucked into a shaft and drop 2 floors!
 13347 | Lair:3   | HP: 1/106 [dream sheep[a torpor snail] (7)]
 13347 | Lair:3   | Slain by a dream sheep

Illustrated notes

Levels and vault maps discovered:
D:1:      wander_arrival_fairy_ring, layout_loops_ring, minmay_misc_feat_tiny
D:2:      layout_basic, chequers_ecumenical_altar_island, feat_on_display
D:3:      layout_loops_corners, minmay_distorted
D:4:      layout_loops_ring, mainiacjoe_overflow_boulevard
D:5:      layout_basic, zin_statuary, serial_glass, glass_columns_c,
          glass_columns_c
D:6:      layout_gridville, mainiacjoe_overflow_alcove_2, vehumet_altar_wand_db,
          eat_drink_and_be_merry_uskayaw, minmay_temple_entry_glassed_door,
          nicolae_twisty_statue_hallways, uniq_duvessa, uniq_maggie,
          uniq_jeremiah
D:7:      layout_gridville, nicolae_hepliaklqana_hazy_memory,
          mainiacjoe_overflow_tiny_flanked, nemelex_spade_bored_becter,
          mainiacjoe_overflow_brackets
D:8:      layout_gridville, fedhas_altar_decomposition,
          nicolae_qazlal_general_emergency, mainiacjoe_overflow_surrounded_room,
          due_lair_maze_entry_diamond
D:9:      layout_loops_cross, uniq_psyche
D:10:     layout_gridville, okawaru_altar_gauntlet_db, old_standard_altar
D:11:     layout_basic, orc_david_3, portal_ice_cave_entry_pillars_2,
          enter_trove_2
Lair:1:   layout_cave_pods
Lair:2:   layout_chaotic_city, nicolae_spider_entry_tight_spaces,
          infiniplex_staircase_pool, grunt_megastairs_4
Lair:3:   layout_regular_city, elwin_shoals_entry_rocks, disabler_island,
          grunt_megastairs_2, uniq_kirke, uniq_gastronok, uniq_amaemon
Lair:4:   minmay_lair_venomous_thicket, layout_big_grid, grunt_megastairs_3,
          serial_bayou_shore_b

Skill      XL: |  1  2  3  4  5  6  7  8  9 10 11 12 |
---------------+-------------------------------------+-----
Fighting       | 4 5 6 7 8 9 10 | 10.3
Axes           | 3 5 6 8 10 12 14 15 16 | 16.2
Shields        | 4 5 7 |  7.8
Armour         | 4 5 6 8 9 10 | 10.8
Dodging        | 1 |  1.6
Unarmed Combat | 1 |  1.0
Invocations    | 2 6 7 |  7.5
Polearms       | 1 |  1.8
Evocations     | |  0.2

Action                     |  1- 3 |  4- 6 |  7- 9 | 10-12 || total
---------------------------+-------+-------+-------+-------++-------
  Melee: War axe           |    87 |   129 |   226 |   458 ||   900
         Unarmed           |       |       |     6 |       ||     6
         Glaive            |       |       |       |     4 ||     4
 Invoke: Convert to Beogh  |       |       |     1 |       ||     1
  Evoke: Wand              |       |       |       |     2 ||     2
    Use: Potion            |       |       |     4 |     2 ||     6
         Scroll            |       |       |       |    11 ||    11
 Armour: Scale mail        |    61 |       |       |       ||    61
         Plate armour      |     3 |   107 |   245 |   401 ||   756
         Skin              |       |       |     3 |       ||     3
  Dodge: Dodged            |    38 |    29 |    66 |   123 ||   256
  Block: Buckler           |    27 |    31 |    73 |   115 ||   246
         Reflection        |       |       |     1 |    12 ||    13
         Orb               |       |       |       |    32 ||    32
         Other             |       |       |       |     1 ||     1

Table legend: (Time is in decaauts)
 A = Elapsed time spent in this place.
 B = Non-inter-level travel time spent in this place.
 C = Inter-level travel time spent in this place.
 D = Time resting spent in this place.
 E = Time spent auto-exploring this place.
 F = Levels seen in this place.
 G = Mean time per level.
                   A        B        C        D        E       F      G
               +--------+--------+--------+--------+--------+-----+--------+
         Total |  13502 |  12492 |   1010 |    971 |   9254 |  15 |  900.1 |
       Dungeon |  10716 |   9828 |    888 |     62 |   7825 |  11 |  974.2 |
          Lair |   2786 |   2665 |    121 |    909 |   1429 |   4 |  696.5 |
               +--------+--------+--------+--------+--------+-----+--------+

Top non-repeatable levels by time:
  Lair:1: 1833 daAuts
     D:6: 1752 daAuts
     D:8: 1418 daAuts
     D:7: 1098 daAuts
    D:10: 1041 daAuts
     D:9: 1032 daAuts
     D:5: 1007 daAuts
     D:4: 935 daAuts
  Lair:2: 933 daAuts
     D:3: 911 daAuts
     D:1: 771 daAuts
     D:2: 743 daAuts
  Lair:4: 13 daAuts
  Lair:3: 5 daAuts
    D:11: 3 daAuts
